 Dungeon Crawl Stone Soup version 0.31-a0-971-g75a2e9a4b4 (webtiles) character file.

Game seed: 1640111179638091806

338 Arzdou the Slasher (level 6, -2/51 HPs)
             Began as a Merfolk Monk on Oct 28, 2023.
             Slain by Crazy Yiuf
             ... wielding a +4 quarterstaff of chaos
              (6 damage)
             ... on level 3 of the Dungeon.
             The game lasted 00:05:00 (2508 turns).

Arzdou the Slasher (Merfolk Monk)                   Turns: 2508, Time: 00:05:00

Health: -2/51      AC:  5    Str: 12    XL:     6   Next: 55%
Magic:  1/6        EV: 14    Int:  9    God:
Gold:   112        SH:  0    Dex: 18    Spells: 5/5 levels left

rFire   . . .        a - +0 falchion
rCold   . . .        d - orb {light}
rNeg    . . .        g - +0 leather armour
rPois   .            (no helmet)
rElec   .            h - +1 cloak
rCorr   .            (no gloves)
SInv    .            (no boots)
Will    .....        (no amulet)
Stlth   +            (no ring)
HPRegen 0.28/turn    (no ring)
MPRegen 0.10/turn

%: no passive effects
@: glowing
A: (nimble swimmer 2), mertail
a: no special abilities


You were on level 3 of the Dungeon.
You visited 1 branch of the dungeon, and saw 3 of its levels.
You also visited: Sewer.

You collected 112 gold pieces.

Inventory:

Hand Weapons
 a - a +0 falchion (weapon)
 p - a +0 great sword
Missiles
 j - 31 poisoned darts (quivered)
 n - 3 atropa-tipped darts
Armour
 b - a +0 robe
 d - an orb of light (worn)
 g - a +0 leather armour (worn)
 h - a +1 cloak (worn)
Scrolls
 f - a scroll of poison {unknown}
 i - a scroll of identify {unknown}
 k - a scroll of teleportation {unknown}
 m - a scroll of torment {unknown}
 t - a scroll of blinking {unknown}
 u - a scroll of fog {unknown}
 y - a scroll of brand weapon {unknown}
 B - a scroll of acquirement {unknown}
 C - a scroll of revelation {unknown}
Potions
 c - a potion of ambrosia
 e - a potion of cancellation {unknown}
 l - 2 potions of might {unknown}
 o - 2 potions of magic {unknown}
 q - a potion of attraction {unknown}
 r - 2 potions of enlightenment {unknown}
 s - 3 potions of curing {unknown}
 v - 2 potions of heal wounds {unknown}
 w - a potion of mutation {unknown}
 x - a potion of brilliance {unknown}
 z - a potion of haste {unknown}
 A - a potion of degeneration {unknown}


   Skills:
 - Level 5.0 Fighting
 + Level 7.0 Long Blades
 - Level 5.0 Dodging


You had 5 spell levels left.
You didn't know any spells.
Your spell library was empty.

Dungeon Overview and Level Annotations

Branches:
Dungeon (3/15)              Sewer (visited)

Altars:
Fedhas
Yredelemnul

Annotations:
D:3 Crazy Yiuf


Innate Abilities, Weirdness & Mutations

((You are very nimble when in or above water. (Stealth+, EV+, Speed+++)))
Your lower body shifts to a powerful aquatic tail in water.


Message History

Crazy Yiuf misses you.
You hit Crazy Yiuf but do no damage.
Crazy Yiuf is severely wounded.
You feel very sick.
Crazy Yiuf hits you with a +4 quarterstaff of chaos!
You feel your power leaking away.
You hit Crazy Yiuf but do no damage.
Crazy Yiuf is severely wounded.
You feel sick.
Crazy Yiuf hits you with a +4 quarterstaff of chaos.
You hit Crazy Yiuf.
Crazy Yiuf is severely wounded.
You feel sick. Crazy Yiuf completely misses you.
You hit Crazy Yiuf but do no damage.
Crazy Yiuf is severely wounded.
You feel sick.
Crazy Yiuf hits you with a +4 quarterstaff of chaos!
* * * LOW HITPOINT WARNING * * *
Crazy Yiuf draws strength from your wounds!
You hit Crazy Yiuf.
Crazy Yiuf is moderately wounded.
You feel sick. Crazy Yiuf barely misses you.
You hit Crazy Yiuf but do no damage.
Crazy Yiuf is moderately wounded.
You feel sick. Crazy Yiuf closely misses you.
You hit Crazy Yiuf.
Crazy Yiuf is moderately wounded.
You feel sick. Crazy Yiuf closely misses you.
You hit Crazy Yiuf but do no damage.
Crazy Yiuf is moderately wounded.
You feel sick.
You hit Crazy Yiuf but do no damage.
Crazy Yiuf is moderately wounded.
You feel sick.
You are no longer poisoned.
Crazy Yiuf barely misses you.
You hit Crazy Yiuf.
Crazy Yiuf is heavily wounded.
Crazy Yiuf hits you with a +4 quarterstaff of chaos.
You die...

##### #)..# #...# ############
... ######### ...........# #g#
#.....).# ############ #@##
######>.#### # ##.# ##..........
############ #.## #..#.#######
##.....##..# ##.# #.#..####...
...........# ##.## #......##.##
...........# ##...# #.#....##.##
...........# #....# ###...)†[.##
~#.........# #....# #......#####
..#........#####..#####........##


You could see Crazy Yiuf.

Vanquished Creatures
  2 kobold brigands (Sewer)
  An orc wizard (D:3)
  3 gnolls
  4 adders
  2 adder zombies (D:3)
  4 worms (Sewer)
  A dart slug (D:3)
  8 orcs (D:3)
  6 ball pythons
  12 endoplasms
  2 giant cockroaches (D:1)
  4 goblins
  A hobgoblin (D:1)
  3 quokkas
  2 ball python zombies (D:3)
  6 bats
  8 frilled lizards
  13 kobolds
  11 rats
93 creatures vanquished.

Notes
Turn   | Place    | Note
-------+----------+-------------------------------------------
     0 | D:1      | Arzdou the Merfolk Monk began the quest for the Orb.
     0 | D:1      | Reached XP level 1. HP: 18/18 MP: 1/1
   100 | D:1      | Reached XP level 2. HP: 23/24 MP: 2/2
   316 | D:1      | Reached skill level 4 in Long Blades
   561 | D:2      | Reached XP level 3. HP: 30/30 MP: 3/3
   982 | D:2      | Reached XP level 4. HP: 37/37 MP: 4/4
  1118 | D:2      | Reached skill level 5 in Dodging
  1331 | D:3      | Found a faded altar of an unknown god.
  1449 | D:3      | Found a glowing drain.
  1465 | Sewer    | Entered a sewer
  1493 | Sewer    | Reached XP level 5. HP: 43/43 MP: 5/5
  1514 | Sewer    | Reached skill level 5 in Long Blades
  1529 | Sewer    | Noticed a kobold brigand
  1590 | Sewer    | Killed a kobold brigand
  1591 | Sewer    | Reached skill level 5 in Fighting
  1815 | Sewer    | Reached skill level 6 in Long Blades
  1830 | Sewer    | Noticed a kobold brigand
  1840 | Sewer    | Killed a kobold brigand
  1841 | Sewer    | Reached XP level 6. HP: 46/51 MP: 6/6
  1995 | D:3      | Found a runed translucent door.
  1996 | D:3      | Noticed Crazy Yiuf
  2270 | D:3      | Reached skill level 7 in Long Blades
  2273 | D:3      | Found a basalt altar of Yredelemnul.
  2361 | D:3      | Found a blossoming altar of Fedhas.
  2508 | D:3      | Slain by Crazy Yiuf

Illustrated notes

Levels and vault maps discovered:
D:1:      giann_wishing_wells, layout_rooms
D:2:      layout_basic, nicolae_the_louvre
D:3:      layout_rooms, general_overflow_altar,
          nicolae_yredelemnul_corpse_copse, portal_sewer_entry_d,
          shapermc_ecumenical_altar_starsandcircs, uniq_crazy_yiuf_cottage

Skill      XL: |  1  2  3  4  5  6 |
---------------+-------------------+-----
Long Blades    | 4 6 7 |  7.0
Fighting       | 4 5 |  5.0
Dodging        | 5 |  5.0

Action                     |  1- 3 |  4- 6 || total
---------------------------+-------+-------++-------
  Melee: Falchion          |    98 |   196 ||   294
         Tailslap          |       |    14 ||    14
  Throw: Dart              |       |     4 ||     4
 Armour: Robe              |     9 |       ||     9
         Leather armour    |    37 |    67 ||   104
  Dodge: Dodged            |    85 |   152 ||   237

Table legend: (Time is in decaauts)
 A = Elapsed time spent in this place.
 B = Non-inter-level travel time spent in this place.
 C = Inter-level travel time spent in this place.
 D = Time resting spent in this place.
 E = Time spent auto-exploring this place.
 F = Levels seen in this place.
 G = Mean time per level.
                   A        B        C        D        E       F      G
               +--------+--------+--------+--------+--------+-----+--------+
         Total |   2466 |   2295 |    171 |    136 |   1476 |   4 |  616.5 |
       Dungeon |   2088 |   1917 |    171 |    136 |   1276 |   3 |  696.0 |
         Sewer |    378 |    378 |      0 |      0 |    199 |   1 |  378.0 |
               +--------+--------+--------+--------+--------+-----+--------+

Top non-repeatable levels by time:
     D:3: 744 daAuts
     D:1: 686 daAuts
     D:2: 657 daAuts
   Sewer: 378 daAuts
